 Dungeon Crawl Stone Soup version 0.29.1-15-g9cfb28693d (webtiles) character file.

Game seed: 6041377717861126581

76763 croobank the Thaumaturge (level 15, -2/117 HPs)
             Began as a Gnoll Fire Elementalist on Apr 29, 2023.
             Was a High Priest of Sif Muna.
             Slain by a sun demon (22 damage)
             ... summoned by an orc high priest
             ... on level 2 of the Orcish Mines.
             The game lasted 02:24:16 (32567 turns).

croobank the Thaumaturge (Gnoll Fire Elementalist) Turns: 32567, Time: 02:24:17

Health: -2/117     AC: 13    Str:  9    XL:     15   Next: 54%
Magic:  1/30       EV: 15    Int: 22    God:    Sif Muna [*****.]
Gold:   213        SH:  0    Dex: 13    Spells: 1/37 levels left

rFire   + + .      SeeInvis .   h - +6 scimitar (flame)
rCold   . . .      Faith    .   (no shield)
rNeg    + + .      Spirit   .   M - +1 acid dragon scales
rPois   .          Reflect  .   l - +0 hat of the Locust {+Inv rN++ Will- Regen+}
rElec   .          Harm     .   (no cloak)
rCorr   +          Rampage  .   Q - +0 pair of gloves
Will    .....                   g - +1 pair of boots
Stlth   ++++......              (no amulet)
HPRegen 1.09/turn               L - ring of protection from fire
MPRegen 0.22/turn               t - ring of Xom's Scorn {rF+ Int+2}

@: about to teleport
A: fangs 1, strong nose, distributed training
a: Renounce Religion, Evoke Invisibility, Channel Magic, Forget Spell, Divine
Exegesis


You were on level 2 of the Orcish Mines.
You worshipped Sif Muna.
Sif Muna was extremely pleased with you.
You visited 4 branches of the dungeon, and saw 21 of its levels.
You visited 1 bazaar.
You also visited: Ice Cave.

You collected 1990 gold pieces.
You spent 1777 gold pieces at shops.

Inventory:

Hand Weapons
 a - a +2 dagger of speed
 e - a +5 dire flail
 h - a +6 scimitar of flaming (weapon)
 r - a +1 flail of holy wrath
 W - a +0 broad axe
 Z - a +0 vorpal demon trident
Missiles
 j - 3 silver boomerangs
 E - 3 boomerangs of dispersal
 I - 5 datura-tipped darts (quivered)
 T - 3 curare-tipped darts
Armour
 g - a +1 pair of boots (worn)
 l - the +0 hat of the Locust (worn) {+Inv rN++ Will- Regen+}
   (You found it on level 2 of the Dungeon)

   rN:        It greatly protects you from negative energy.
   +Inv:      It lets you turn invisible.
   Regen:     It increases your rate of health regeneration.
   Will:      It decreases your willpower.
 A - the +2 leather armour of Wenkim {Dex+6}
   (You found it in an ice cave)

   Dex:       It affects your dexterity (+6).
 C - a +3 ring mail of cold resistance
 M - +1 acid dragon scales (worn)
 O - a +2 robe of resistance
 Q - a +0 pair of gloves (worn)
Magical Staves
 m - a staff of fire
Jewellery
 c - the ring "Zyunkae" {rC+ Will+ Str+3 Dex+2}
   (You acquired it on level 10 of the Dungeon)

   [ring of protection from cold]

   Str:       It affects your strength (+3).
   Dex:       It affects your dexterity (+2).
   rC:        It protects you from cold.
   Will:      It increases your willpower.
 d - the ring of Free Will {Fly rPois rC+ Will+ Str-5 Dex+4}
   (You acquired it on level 5 of the Lair of Beasts)

   [ring of flight]

   Str:       It affects your strength (-5).
   Dex:       It affects your dexterity (+4).
   rC:        It protects you from cold.
   rPois:     It protects you from poison.
   Fly:       It grants you flight.
   Will:      It increases your willpower.
 i - a ring of ice
 n - a ring of poison resistance
 q - a +6 ring of intelligence
 s - an amulet of reflection
 t - the ring of Xom's Scorn (right hand) {rF+ Int+2}
   (You found it on level 3 of the Dungeon)

   [ring of protection from fire]

   Int:       It affects your intelligence (+2).
   rF:        It protects you from fire.
 v - the ring of Doetoiwi {MP+9 EV+4 Int-3 Slay+4 SInv}
   (You bought it in a shop in a bazaar)

   [ring of evasion]

   EV:        It affects your evasion (+4).
   Int:       It affects your intelligence (-3).
   Slay:      It affects your accuracy & damage with ranged weapons and melee
   (+4).
   MP:        It affects your magic capacity (+9).
   SInv:      It lets you see invisible.
 B - a +4 ring of evasion
 D - a +6 ring of dexterity
 L - a ring of protection from fire (left hand)
 R - a +4 ring of evasion
Wands
 o - a wand of roots (9)
 y - a wand of light (10)
 F - a wand of charming (26)
 K - a wand of flame (35)
 N - a wand of polymorph (12)
Scrolls
 f - 2 scrolls of magic mapping
 k - 3 scrolls of torment
 u - 7 scrolls of identify
 H - a scroll of fog
 V - a scroll of vulnerability
 Y - a scroll of teleportation
Potions
 b - 2 potions of attraction
 w - 7 potions of might
 x - 2 potions of brilliance
 z - 17 potions of curing
 G - a potion of cancellation
 J - a potion of berserk rage
 P - 2 potions of flight
 S - 3 potions of haste
 U - a potion of resistance
Miscellaneous
 p - a phantom mirror
 X - a tin of tremorstones (2/2)


   Skills:
 + Level 10.4 Fighting
 + Level 10.4 Short Blades
 + Level 10.4 Long Blades
 + Level 10.4 Axes
 + Level 10.4 Maces & Flails
 + Level 10.4 Polearms
 + Level 10.4 Staves
 + Level 10.4 Ranged Weapons
 + Level 10.4 Throwing
 + Level 10.4 Armour
 + Level 11.4 Dodging
 + Level 11.2 Stealth
 + Level 10.4 Shields
 + Level 10.4 Unarmed Combat
 + Level 11.5 Spellcasting
 + Level 9.1 Conjurations
 + Level 8.7 Hexes
 + Level 8.7 Summonings
 + Level 8.7 Necromancy
 + Level 8.7 Translocations
 + Level 8.7 Transmutations
 + Level 10.3 Fire Magic
 + Level 8.7 Ice Magic
 + Level 8.7 Air Magic
 + Level 8.7 Earth Magic
 + Level 8.7 Poison Magic
 + Level 11.3 Invocations
 + Level 10.4 Evocations


You had one spell level left.
You knew the following spells:

 Your Spells              Type           Power      Damage    Failure   Level
a - Foxfire               Conj/Fire      100%       2x1d9     1%          1
b - Scorch                Fire           100%       2d10      1%          2
c - Inner Flame           Hex/Fire       53%        N/A       1%          3
d - Flame Wave            Conj/Fire      53%        2d13      1%          4
e - Ozocubu's Armour      Ice            51%        N/A       1%          3
f - Teleport Other        Tloc           51%        N/A       1%          3
g - Tukima's Dance        Hex            51%        N/A       1%          3
h - Slow                  Hex            100%       N/A       1%          1
i - Borgnjor's Vile Clut  Necr/Erth      25%        N/A       6%          5
j - Olgreb's Toxic Radia  Pois           51%        N/A       1%          4
k - Blink                 Tloc           100%       N/A       1%          2
l - Yara's Violent Unrav  Hex/Tmut       25%        3d11      6%          5

Your spell library contained the following spells:

 Spells                   Type           Power      Damage    Failure   Level
 Necrotise                Necr           100%       1d9       1%          1
 Conjure Flame            Conj/Fire      53%        6-21      1%          3
 Gell's Gravitas          Tloc           51%        N/A       1%          3
 Lesser Beckoning         Tloc           51%        N/A       1%          3
 Stone Arrow              Conj/Erth      100%       3d13      1%          3
 Vampiric Draining        Necr           51%        2d9       1%          3
 Animate Dead             Necr           51%        N/A       1%          4
 Corpse Rot               Necr/Pois/Air  51%        N/A       1%          4
 Passage of Golubria      Tloc           51%        N/A       1%          4
 Agony                    Necr           51%        N/A       6%          5
 Lee's Rapid Deconstruct  Erth           25%        3d15*     6%          5
 Manifold Assault         Tloc           51%        N/A       6%          5
 Death Channel            Necr           25%        N/A       32%         6
 Dispersal                Tloc           25%        N/A       32%         6
 Ozocubu's Refrigeration  Ice            25%        4d13      87%         7
 Lehudib's Crystal Spear  Conj/Erth      25%        10d7      100%        8


Dungeon Overview and Level Annotations

Branches:
Dungeon (13/15)            Temple (1/1) D:4            Lair (5/5) D:11
 Shoals (0/4) Lair:2        Snake (0/4) Lair:2        Slime (0/5) Lair:5
    Orc (2/2) D:10            Elf (0/3) Orc:2         IceCv (visited)
 Vaults: D:13-14

Altars:
Ashenzari
Cheibriados
Dithmenos
Elyvilon
Fedhas
Gozag
Hepliaklqana
Kikubaaqudgha
Makhleb
Nemelex Xobeh
Okawaru
Qazlal
Ru
Sif Muna
Trog
Uskayaw
Vehumet
Wu Jian
Xom
Yredelemnul
Zin
The Shining One
Jiyva

Shops:
D:3 *

Annotations:
D:12 2 transporters
Lair:4 Rupert
Lair:5 1 runed translucent door, hbarley's ghost, journeyman HOFi
Orc:1 Maurice


Innate Abilities, Weirdness & Mutations

You have very sharp teeth.
Your uncanny sense of smell can sniff out nearby items.
Your experience applies equally to all skills.


Message History

The bolt hits you!!
You hear a shout!
You're wearing all the rings you can.
Remove which one? (? for menu, Esc to cancel) < or
v - the ring of Doetoiwi {MP+9 EV+4 Int-3 Slay+4 SInv} > or
t - the ring of Xom's Scorn {rF+ Int+2} You remove the ring of Doetoiwi {MP+9 EV+4 Int-3 Slay+4 SInv}.
You feel your magic capacity decrease.
L - a ring of protection from fire (left hand)
Your orc warrior hits the orc priest with a +0 hand axe!
Your orc warrior hits the sun demon with a +0 hand axe.
The orc priest closely misses your orc warrior.
An orc warrior comes into view. It is wielding a +0 trident.
The orc knight shoots a bolt.
The bolt misses you.
You slash the sun demon! Your bite misses the sun demon.
The sun demon is moderately wounded.
Your orc warrior misses the orc priest.
Your orc warrior hits the sun demon with a +0 hand axe!
The orc priest calls upon Beogh to heal the orc knight.
The orc knight is healed somewhat.
The orc knight shoots a bolt.
The bolt hits you!!
You hear a shout!
Okay, then.
As you read the scroll of teleportation, it crumbles to dust.
You feel strangely unstable. The sun demon misses you.
Your orc warrior hits the orc priest with a +0 hand axe!
The orc priest dies!
Sif Muna accepts your kill.
Your orc warrior hits the sun demon but does no damage.
The sun demon barely misses you.
The orc knight shoots a bolt.
The bolt hits you!!
* * * LOW HITPOINT WARNING * * *
The orc high priest is engulfed in blazing flames.
The orc high priest mumbles some strange prayers to Beogh against you.
Beogh smites you!
* * * LOW HITPOINT WARNING * * *
An orc warrior comes into view. It is wielding a +0 glaive.
The orc knight shoots a bolt.
The bolt misses you.
You feel better. The sun demon hits you!!
You die...

#...)∆ ##.#o## .....).## ###
.#...#oo# ##.## .....)oo##
##...### .#...#o○.#
##......## ......§.☼.##
##.#......## ...#...#....#
#..........# ........4.3@#
##.........## ...#...#....#
##.#.......##. .
.............###..........#..
.
....#...#....##..........###.
.
#...........###...........##.
. #...#...#...#
#...........### #
#.........## #............#.
. #..#...#..# #............##
# #.......## #.............#


You could see an orc knight (inner flame, strong, ally target), an orc high
priest (strong), a sun demon (summoned), a chaos spawn (summoned), 2 orc
warriors, an orc (strong) and a friendly orc warrior (charmed, strong).

Vanquished Creatures
  Josephine (Lair:3)
  Snorg (D:10)
  2 dire elephants (Lair:5)
  A fire dragon (Lair:5)
  5 hydras
  A boulder beetle (Lair:2)
  Fannar (D:10)
  A catoblepas (Lair:5)
  Erica (D:10)
  2 two-headed ogres (D:11)
  3 centaur warriors (D:13)
  3 death yaks (Lair:5)
  Urug (D:10)
  Sonja (D:10)
  A fire crab (Lair:5)
  4 skeletal warriors
  2 lindwurms (Lair:5)
  3 orc knights
  2 deep elf pyromancers
  A cyclops (D:13)
  2 ugly things
  3 manticores
  16 elephants
  10 cane toads
  7 black mambas
  6 torpor snails (Lair:5)
  A gargoyle (D:10)
  An unseen horror (D:13)
  8 komodo dragons
  3 rime drakes
  6 trolls
  7 hornets
  4 polar bears
  A wind drake (Lair:2)
  4 tyrant leeches (Lair:5)
  8 blink frogs
  12 dream sheep (Lair:5)
  Sigmund (D:6)
  7 wraiths
  A shadow (D:9)
  2 steam dragons
  5 wyverns
  A dire elephant simulacrum (IceCv)
  Grum (D:7)
  44 yaks
  9 vampire mosquitoes
  A basilisk (Lair:5)
  2 death yak simulacra
  5 wargs (Orc:2)
  3 acid dragons
  21 water moccasins
  An ice beast (D:5)
  15 orc warriors
  2 sky beasts
  5 wolves
  An ogre (Orc:1)
  11 centaurs
  2 kobold brigands (D:7)
  A necrophage (D:4)
  10 bullfrogs
  2 gnoll sergeants
  4 cane toad simulacra (Lair:4)
  9 wights
  9 killer bees
  An electric eel (Lair:5)
  4 howler monkeys
  An iron imp (D:7)
  2 jellies (Lair:5)
  3 hounds
  18 orc priests
  2 gnoll boudas
  An iguana (D:5)
  11 orc wizards
  A polar bear simulacrum (IceCv)
  18 gnolls
  9 adders
  A shadow imp (D:5)
  A white imp (D:6)
  2 ufetubi (D:5)
  A worm (D:1)
  53 orcs
  8 endoplasms
  4 giant cockroaches
  8 goblins
  8 hobgoblins
  3 quokkas
  7 ball pythons
  2 frilled lizards (D:2)
  A goblin skeleton (D:7)
  A goblin zombie (D:7)
  4 hobgoblin zombies (D:7)
  17 kobolds
  2 kobold skeletons (D:7)
  A kobold zombie (D:7)
  2 orc zombies (D:7)
  7 rats
515 creatures vanquished.

Vanquished Creatures (collateral kills)
  An orc high priest (Orc:2)
  An orc knight (Orc:2)
  2 orc priests (Orc:2)
  2 orcs (Orc:2)
  12 foxfires
18 creatures vanquished.

Vanquished Creatures (others)
  992 foxfires
  28 fungi
  80 plants
1100 creatures vanquished.

Grand Total: 1633 creatures vanquished

Notes
Turn   | Place    | Note
-------+----------+-------------------------------------------
     0 | D:1      | croobank the Gnoll Fire Elementalist began the quest for
                  | the Orb.
     0 | D:1      | Reached XP level 1. HP: 13/13 MP: 6/6
   164 | D:1      | Reached XP level 2. HP: 20/20 MP: 1/7
   167 | D:1      | Learned a level 2 spell: Scorch
   717 | D:1      | Found a faded altar of an unknown god.
   723 | D:1      | Got Plato's Volume of Spellbinding
   852 | D:2      | Reached skill level 5 in Spellcasting
   852 | D:2      | Reached XP level 3. HP: 25/25 MP: 4/9
   975 | D:2      | Identified the +0 hat of the Locust {+Inv rN++ Will-
                  | Regen+}
  1018 | D:2      | Reached skill level 1 in Invocations
  1256 | D:2      | Reached skill level 1 in Fighting
  1256 | D:2      | Reached skill level 1 in Short Blades
  1256 | D:2      | Reached skill level 1 in Long Blades
  1256 | D:2      | Reached skill level 1 in Axes
  1256 | D:2      | Reached skill level 1 in Maces & Flails
  1256 | D:2      | Reached skill level 1 in Polearms
  1256 | D:2      | Reached skill level 1 in Staves
  1256 | D:2      | Reached skill level 1 in Ranged Weapons
  1256 | D:2      | Reached skill level 1 in Throwing
  1256 | D:2      | Reached skill level 1 in Armour
  1256 | D:2      | Reached skill level 1 in Shields
  1256 | D:2      | Reached skill level 1 in Unarmed Combat
  1256 | D:2      | Reached skill level 1 in Evocations
  1518 | D:2      | Reached XP level 4. HP: 32/32 MP: 8/11
  2040 | D:3      | Identified the ring of Xom's Scorn {rF+ Int+2}
  2202 | D:3      | Reached skill level 1 in Hexes
  2202 | D:3      | Reached skill level 1 in Summonings
  2202 | D:3      | Reached skill level 1 in Necromancy
  2202 | D:3      | Reached skill level 1 in Translocations
  2202 | D:3      | Reached skill level 1 in Transmutations
  2202 | D:3      | Reached skill level 1 in Ice Magic
  2202 | D:3      | Reached skill level 1 in Air Magic
  2202 | D:3      | Reached skill level 1 in Earth Magic
  2202 | D:3      | Reached skill level 1 in Poison Magic
  2539 | D:3      | Found Moafeckiet's General Store.
  2565 | D:3      | Bought a potion of curing for 30 gold pieces
  2565 | D:3      | Bought a scroll of teleportation for 30 gold pieces
  2565 | D:3      | Bought a potion of lignification for 30 gold pieces
  2565 | D:3      | Bought a potion of mutation for 80 gold pieces
  3353 | D:4      | Noticed a necrophage
  3358 | D:4      | Killed a necrophage
  3359 | D:4      | Reached XP level 5. HP: 37/37 MP: 1/12
  3722 | D:4      | Found the +7 staff of the Meek {protect, meekguard}
  4016 | D:4      | Learned a level 3 spell: Inner Flame
  4039 | D:4      | Found a staircase to the Ecumenical Temple.
  4046 | Temple   | Entered the Ecumenical Temple
  4063 | Temple   | Became a worshipper of Sif Muna the Loreminder
  4339 | D:4      | Reached XP level 6. HP: 44/44 MP: 11/13
  4535 | D:5      | Entered Level 5 of the Dungeon
  4546 | D:5      | Reached skill level 5 in Dodging
  4587 | D:5      | Found an ornate altar of the Wu Jian Council.
  4781 | D:5      | Noticed an acid dragon
  4791 | D:5      | Killed an acid dragon
  5030 | D:5      | Reached XP level 7. HP: 50/50 MP: 2/15
  5124 | D:5      | Found a hide-covered altar of Uskayaw.
  5427 | D:5      | Reached skill level 5 in Stealth
  5792 | D:5      | Reached XP level 8. HP: 37/57 MP: 1/16
  6067 | D:6      | Noticed Sigmund
  6073 | D:6      | Killed Sigmund
  6644 | D:7      | Reached * piety under Sif Muna
  6861 | D:7      | Found a glowing golden altar of the Shining One.
  7253 | D:7      | Found a white marble altar of Elyvilon.
  7411 | D:7      | Reached XP level 9. HP: 65/65 MP: 9/18
  8930 | D:8      | Noticed Grum
  9128 | D:7      | Killed Grum
  9262 | D:8      | Reached ** piety under Sif Muna
  9439 | D:8      | Found a radiant altar of Vehumet.
  9448 | D:8      | Reached skill level 5 in Invocations
 10880 | D:9      | Reached skill level 5 in Fighting
 10880 | D:9      | Reached skill level 5 in Short Blades
 10880 | D:9      | Reached skill level 5 in Long Blades
 10880 | D:9      | Reached skill level 5 in Axes
 10880 | D:9      | Reached skill level 5 in Maces & Flails
 10880 | D:9      | Reached skill level 5 in Polearms
 10880 | D:9      | Reached skill level 5 in Staves
 10880 | D:9      | Reached skill level 5 in Ranged Weapons
 10880 | D:9      | Reached skill level 5 in Throwing
 10880 | D:9      | Reached skill level 5 in Armour
 10880 | D:9      | Reached skill level 5 in Shields
 10880 | D:9      | Reached skill level 5 in Unarmed Combat
 10880 | D:9      | Reached skill level 5 in Evocations
 10880 | D:9      | Reached XP level 10. HP: 70/74 MP: 8/20
 11287 | D:9      | Found a blossoming altar of Fedhas.
 11487 | D:9      | Found an iron altar of Okawaru.
 11566 | D:10     | Entered Level 10 of the Dungeon
 12010 | D:10     | Noticed Sonja
 12016 | D:10     | Killed Sonja
 12017 | D:10     | Reached skill level 5 in Conjurations
 12142 | D:10     | Noticed Fannar
 12178 | D:11     | Found a staircase to the Lair.
 12926 | D:10     | Killed Fannar
 13235 | D:10     | Identified a scroll of acquirement
 13235 | D:10     | Acquired the ring "Zyunkae" {rC+ Will+ Str+3 Dex+2}
 13353 | D:10     | Reached skill level 5 in Hexes
 13353 | D:10     | Reached skill level 5 in Summonings
 13353 | D:10     | Reached skill level 5 in Necromancy
 13353 | D:10     | Reached skill level 5 in Translocations
 13353 | D:10     | Reached skill level 5 in Transmutations
 13353 | D:10     | Reached skill level 5 in Ice Magic
 13353 | D:10     | Reached skill level 5 in Air Magic
 13353 | D:10     | Reached skill level 5 in Earth Magic
 13353 | D:10     | Reached skill level 5 in Poison Magic
 13353 | D:10     | Reached XP level 11. HP: 35/81 MP: 1/22
 13357 | D:10     | Reached *** piety under Sif Muna
 13866 | D:10     | Found a shadowy altar of Dithmenos.
 14069 | D:10     | Noticed Urug
 14116 | D:10     | Killed Urug
 14129 | D:10     | Noticed Erica
 14206 | D:10     | Killed Erica
 14348 | D:10     | Found a staircase to the Orcish Mines.
 14746 | D:11     | Noticed a skeletal warrior
 14746 | D:11     | Noticed a skeletal warrior
 14752 | D:11     | Learned a level 1 spell: Slow
 14756 | D:11     | Learned a level 3 spell: Ozocubu's Armour
 14760 | D:11     | Learned a level 3 spell: Teleport Other
 14779 | D:11     | Killed a skeletal warrior
 14953 | D:11     | Noticed a skeletal warrior
 15185 | D:10     | Learned a level 3 spell: Tukima's Dance
 15214 | D:10     | Killed a skeletal warrior
 15329 | D:11     | Noticed a two-headed ogre
 15333 | D:11     | Noticed a two-headed ogre
 15354 | D:11     | Killed a two-headed ogre
 15356 | D:11     | Killed a two-headed ogre
 15722 | D:11     | Killed a skeletal warrior
 15863 | D:11     | Noticed a skeletal warrior
 16014 | D:10     | Reached XP level 12. HP: 92/92 MP: 23/25
 16027 | D:11     | Reached XP level 13. HP: 74/98 MP: 16/26
 16844 | D:12     | Found a transporter.
 17447 | D:12     | Found a transporter.
 18088 | Lair:1   | Entered Level 1 of the Lair of Beasts
 18545 | Lair:1   | Found a shadowy altar of Dithmenos.
 18879 | Lair:2   | Found a staircase to the Shoals.
 18903 | Lair:2   | Reached **** piety under Sif Muna
 18904 | Lair:2   | Reached skill level 10 in Spellcasting
 19023 | Lair:2   | Learned a level 4 spell: Flame Wave
 19724 | Lair:2   | Found a staircase to the Snake Pit.
 20114 | Lair:2   | Reached skill level 10 in Dodging
 20500 | Lair:3   | Reached XP level 14. HP: 70/106 MP: 14/28
 20805 | Lair:2   | Reached skill level 10 in Stealth
 21227 | Lair:3   | Reached ***** piety under Sif Muna
 21476 | Lair:3   | Reached skill level 10 in Invocations
 21634 | Lair:3   | Noticed Josephine
 21657 | Lair:3   | Killed Josephine
 22298 | Lair:4   | Found a frozen archway.
 22389 | IceCv    | Entered an ice cave
 22563 | IceCv    | Found a transporter.
 22570 | IceCv    | Identified the +2 leather armour of Wenkim {Dex+6}
 22572 | IceCv    | Found a transporter.
 23658 | Lair:4   | Noticed Rupert
 23870 | Lair:5   | Entered Level 5 of the Lair of Beasts
 23993 | Lair:5   | Received a gift from Sif Muna
 24001 | Lair:5   | Learned a level 5 spell: Borgnjor's Vile Clutch
 26319 | Lair:5   | Received a gift from Sif Muna
 26321 | Lair:5   | Got Poteplen's Folio of Rank Spelunking {god gift}
 26457 | Lair:5   | Learned a level 4 spell: Olgreb's Toxic Radiance
 26471 | Lair:5   | Reached skill level 10 in Fire Magic
 26564 | Lair:5   | Found a runed translucent door.
 26565 | Lair:5   | Found a viscous altar of Jiyva.
 26567 | Lair:5   | Found a staircase to the Slime Pits.
 26603 | Lair:5   | Found a runed translucent door.
 26605 | Lair:5   | Noticed hbarley's ghost (journeyman HOFi)
 26629 | Lair:5   | Found a runed translucent door.
 26826 | Lair:5   | Reached XP level 15. HP: 50/115 MP: 9/30
 27259 | Lair:5   | Reached skill level 10 in Fighting
 27259 | Lair:5   | Reached skill level 10 in Short Blades
 27259 | Lair:5   | Reached skill level 10 in Long Blades
 27259 | Lair:5   | Reached skill level 10 in Axes
 27259 | Lair:5   | Reached skill level 10 in Maces & Flails
 27259 | Lair:5   | Reached skill level 10 in Polearms
 27259 | Lair:5   | Reached skill level 10 in Staves
 27259 | Lair:5   | Reached skill level 10 in Ranged Weapons
 27259 | Lair:5   | Reached skill level 10 in Throwing
 27259 | Lair:5   | Reached skill level 10 in Armour
 27259 | Lair:5   | Reached skill level 10 in Shields
 27259 | Lair:5   | Reached skill level 10 in Unarmed Combat
 27259 | Lair:5   | Reached skill level 10 in Evocations
 28659 | Lair:5   | Paralysed by a hornet for 1 turns
 28714 | Lair:5   | Paralysed by a hornet for 2 turns
 29309 | Lair:5   | Paralysed by a hornet for 2 turns
 30622 | Orc:1    | Entered Level 1 of the Orcish Mines
 30627 | Orc:1    | Noticed Snorg
 30646 | D:10     | Killed Snorg
 31464 | Orc:2    | Entered Level 2 of the Orcish Mines
 31480 | Orc:2    | Found a staircase to the Elven Halls.
 31498 | Orc:1    | Noticed Maurice
 31684 | Orc:2    | Found a flickering gateway to a bazaar.
 31691 | Orc:2    | Received a gift from Sif Muna
 31710 | Bazaar   | Entered a bazaar
 31753 | Bazaar   | Found Giucocs's Jewellery Emporium.
 31753 | Bazaar   | Found Dokas's Magic Scroll Shoppe.
 31776 | Bazaar   | Bought a scroll of enchant weapon for 82 gold pieces
 31776 | Bazaar   | Bought a scroll of teleportation for 33 gold pieces
 31776 | Bazaar   | Bought 2 scrolls of magic mapping for 165 gold pieces
 31778 | Bazaar   | Bought a +6 ring of intelligence for 324 gold pieces
 31778 | Bazaar   | Bought an amulet of reflection for 270 gold pieces
 31778 | Bazaar   | Bought the ring of Doetoiwi {MP+9 EV+4 Int-3 Slay+4 SInv}
                  | for 689 gold pieces
 31787 | Bazaar   | Bought a scroll of amnesia for 44 gold pieces
 31806 | Orc:2    | Acquired the ring of Free Will {Fly rPois rC+ Will+ Str-5
                  | Dex+4}
 31898 | Orc:2    | Learned a level 2 spell: Blink
 31904 | Orc:2    | Learned a level 5 spell: Yara's Violent Unravelling
 32567 | Orc:2    | Slain by a sun demon

Illustrated notes

Levels and vault maps discovered:
D:1:      tarquinn_simple_flora_water_f, layout_rooms,
          shapermc_ecumenical_altar_rom_forum, st_stairs_5, nicolae_wormholes
D:2:      layout_loops_ring, minmay_close_crescents
D:3:      layout_loops_ring, portal_sewer_entry_a, serial_shops, shop_statue,
          dk_vineyard_1
D:4:      layout_basic, minmay_temple_entry_arrows
D:5:      layout_loops_ring, amcnicky_altar_gilded,
          nicolae_uskayaw_murder_on_the_dancefloor
D:6:      layout_rooms, kennysheep_path_1, uniq_sigmund
D:7:      layout_layer_cave, elyvilon_altar_3, nicolae_tso_besieged_by_evil
D:8:      layout_basic, vehumet_altar_wand_db, uniq_grum
D:9:      layout_loops_ring, okawaru_gym_becter, fedhas_ov_isle_minmay
D:10:     layout_stronghold, nicolae_dithmenos_the_darkroom, orc_0_dummy,
          uniq_sonja, uniq_fannar, uniq_erica, uniq_urug
D:11:     layout_irregular_city, dpeg_oklobed_lair, serial_column_ruins,
          column_ruins_open_large, column_ruins_open_small,
          column_ruins_columns_dead_end
D:12:     layout_big_octagon, nicolae_diode_stairs
D:13:     layout_rooms, david_vaults_5, chequers_serial_rivers_small_b
Temple:   jpeg_temple_clearing
Lair:1:   layout_hall_layers, basic_altar, st_stairs_9
Lair:2:   layout_loops_ring, minmay_shoals_entry_beasts,
          minmay_snake_entry_six_corridors, columned_hall_lemuel
Lair:3:   layout_loops_ring, chequers_serial_rivers_marsh, uniq_josephine
Lair:4:   minmay_guarded_unrand_snakebite, layout_cellular_growth,
          serial_forest, infiniplex_forest_lined_room_2,
          infiniplex_forest_clump_cross, infiniplex_forest_side_room,
          infiniplex_forest_end_1, infiniplex_forest_lined_corner,
          infiniplex_forest_corner_2, portal_ice_cave_entry_ice_simulacra,
          grunt_megastairs_5, uniq_rupert
Lair:5:   wormcave, layout_cave_pods, hangedman_lair_in_review, slime_entry_2,
          gammafunk_ghost_grave, grunt_forest_small_clearings,
          grunt_forest_stairs_basic, nicolae_quartered_pool_medium
Orc:1:    nicolae_orc_accident_3, layout_diamond_mine, uniq_snorg, uniq_maurice
Orc:2:    st_orc_pillars, layout_caves, serial_shops, bzr_entry_lakeside

Skill      XL: |  1  2  3  4  5  6  7  8  9 10 11 12 13 14 15 |
---------------+----------------------------------------------+-----
Conjurations   | 2 3 4 5 6 7 8 9 |  9.1
Spellcasting   | 5 6 7 9 10 11 | 11.5
Invocations    | 1 2 3 4 5 6 8 9 10 11 | 11.3
Fighting       | 1 2 3 5 6 7 8 9 10 | 10.4
Short Blades   | 1 2 3 5 6 7 8 9 10 | 10.4
Long Blades    | 1 2 3 5 6 7 8 9 10 | 10.4
Axes           | 1 2 3 5 6 7 8 9 10 | 10.4
Maces & Flails | 1 2 3 5 6 7 8 9 10 | 10.4
Polearms       | 1 2 3 5 6 7 8 9 10 | 10.4
Staves         | 1 2 3 5 6 7 8 9 10 | 10.4
Ranged Weapons | 1 2 3 5 6 7 8 9 10 | 10.4
Throwing       | 1 2 3 5 6 7 8 9 10 | 10.4
Armour         | 1 2 3 5 6 7 8 9 10 | 10.4
Shields        | 1 2 3 5 6 7 8 9 10 | 10.4
Unarmed Combat | 1 2 3 5 6 7 8 9 10 | 10.4
Evocations     | 1 2 3 5 6 7 8 9 10 | 10.4
Hexes          | 1 2 3 4 5 6 7 8 |  8.7
Summonings     | 1 2 3 4 5 6 7 8 |  8.7
Necromancy     | 1 2 3 4 5 6 7 8 |  8.7
Translocations | 1 2 3 4 5 6 7 8 |  8.7
Transmutations | 1 2 3 4 5 6 7 8 |  8.7
Ice Magic      | 1 2 3 4 5 6 7 8 |  8.7
Air Magic      | 1 2 3 4 5 6 7 8 |  8.7
Earth Magic    | 1 2 3 4 5 6 7 8 |  8.7
Poison Magic   | 1 2 3 4 5 6 7 8 |  8.7
Dodging        | 5 6 7 9 10 11 | 11.4
Stealth        | 5 6 7 8 9 10 11 | 11.2
Fire Magic     | 6 7 8 9 10 | 10.3

Action                   |  1- 3 |  4- 6 |  7- 9 | 10-12 | 13-15 || total
-------------------------+-------+-------+-------+-------+-------++-------
Melee: Dagger            |    13 |       |     3 |    76 |   107 ||   199
       Staff             |       |     2 |       |    10 |       ||    12
       Mace              |       |     2 |       |       |       ||     2
       Quarterstaff      |       |     7 |     1 |       |       ||     8
       Dire flail        |       |       |    81 |    40 |   107 ||   228
       Bite              |       |       |    13 |    33 |    82 ||   128
       Punch             |       |       |       |     8 |    32 ||    40
       Flail             |       |       |       |    20 |    23 ||    43
       Scimitar          |       |       |       |       |   269 ||   269
Throw: Throwing net      |       |       |       |     1 |       ||     1
 Cast: Foxfire           |    45 |    31 |   119 |    88 |   317 ||   600
       Scorch            |    13 |    39 |    81 |   134 |   480 ||   747
       Inner Flame       |       |       |       |     7 |     8 ||    15
       Slow              |       |       |       |     2 |    40 ||    42
       Teleport Other    |       |       |       |     1 |       ||     1
       Flame Wave        |       |       |       |       |    11 ||    11
       Ozocubu's Armour  |       |       |       |       |     1 ||     1
       Olgreb's Toxic Ra |       |       |       |       |    22 ||    22
       Borgnjor's Vile C |       |       |       |       |    11 ||    11
Evoke: Wand              |       |       |       |     6 |    21 ||    27
  Use: Scroll            |       |    10 |     5 |     8 |    26 ||    49
       Potion            |       |       |     1 |     9 |    15 ||    25
 Stab: Sleeping          |     7 |     1 |       |       |     3 ||    11
       Distracted        |     1 |       |       |       |     1 ||     2
       Invisible         |       |       |       |     1 |     1 ||     2
Armor: Robe              |       |     2 |       |     9 |    14 ||    25
       Leather armour    |       |     2 |       |       |       ||     2
       Acid dragon scale |       |       |    42 |    37 |   244 ||   323
Dodge: Dodged            |     8 |    28 |   155 |   228 |   898 ||  1317
